 Dungeon Crawl Stone Soup version 0.28-a0-1555-g9ae15a6949 (webtiles) character file.

Game seed: 10448479374152652710

11309 snarfax the Thaumaturge (level 12, -3/86 HPs)
             Began as a Djinni Ice Elementalist on Jan 18, 2022.
             Was an Elder of Makhleb.
             Slain by Snorg (18 damage)
             ... on level 11 of the Dungeon on Jan 19, 2022.
             The game lasted 01:09:44 (14834 turns).

snarfax the Thaumaturge (Djinni Ice Elementalist)  Turns: 14834, Time: 01:09:44

Health: -3/86      AC:  9    Str:  7    XL:     12   Next: 6%
Gold:   996        EV: 11    Int: 21    God:    Makhleb [****..] SH: 13 Dex: 21

rFire   + . .      SeeInvis .   M - +4 hand axe (vamp)
rCold   + . .      Faith    .   G - +0 kite shield
rNeg    . . .      Spirit   .   w - +3 leather armour {rC+}
rPois   ∞          Reflect  .   I - +1 helmet
rElec   .          Harm     .   L - +0 cloak
rCorr   .          Rampage  .   (no gloves)
Will    +....                   (boots unavailable)
Stlth   ++........              (no amulet)
HPRegen 0.24/turn               d - ring of ice
MPRegen 0.00/turn               j - +6 ring of dexterity

@: flying
A: sickness immunity, fire resistance 2, cold vulnerability 1, float, innate
caster, hp casting, extra vitality 1
a: Renounce Religion, Minor Destruction, Lesser Servant of Makhleb, Major
Destruction


You were on level 11 of the Dungeon.
You worshipped Makhleb.
Makhleb was greatly pleased with you.
You visited 2 branches of the dungeon, and saw 12 of its levels.
You also visited: Ossuary and Bailey.

You collected 996 gold pieces.

Inventory:

Hand Weapons
 g - a +0 short sword
 k - a +2 dagger of draining
 o - a +2 whip of flaming
 s - a +0 whip of electrocution
 u - a +2 dagger of venom
 M - a +4 vampiric hand axe (weapon)
Missiles
 f - 11 boomerangs
 h - 262 stones
Armour
 a - a +0 robe
 b - a scarf of repulsion
 c - a +0 helmet
 w - a +3 leather armour of cold resistance (worn)
 C - a +2 leather armour of fire resistance
 G - a +0 kite shield (worn)
 H - an orb of wrath
 I - a +1 helmet (worn)
 L - a +0 cloak (worn)
 O - +0 steam dragon scales
Magical Staves
 B - a staff of earth
Jewellery
 d - a ring of ice (left hand)
 j - a +6 ring of dexterity (right hand)
 v - a ring of fire
 A - a ring of protection from cold
 F - a ring of protection from cold
 K - a +4 ring of protection
Wands
 y - a wand of flame (15) (quivered)
 J - a wand of paralysis (14)
Scrolls
 l - a scroll of fear
 r - a scroll of acquirement
Potions
 i - 2 potions of resistance
 m - a potion of lignification
 n - 2 potions of ambrosia
 p - 2 potions of might
 q - 4 potions of curing
 t - 6 potions of attraction
 x - 3 potions of haste
Miscellaneous
 e - a box of beasts


   Skills:
 - Level 8.0 Fighting
 - Level 3.0 Dodging
 - Level 1.5 Stealth
 * Level 9.7 Shields
 + Level 10.0 Spellcasting
 - Level 5.0 Invocations
 + Level 1.0 Evocations


You had 6 spell levels left.
You knew the following spells:

 Your Spells              Type           Power      Damage    Failure   Level
a - Freeze                Ice            100%       1d11      1%          1
b - Frozen Ramparts       Ice            100%       1d12      1%          3
c - Ozocubu's Armour      Ice            68%        N/A       1%          3
d - Hailstorm             Conj/Ice       68%        3d14      3%          4
e - Foxfire               Conj/Fire      100%       2x1d9     1%          1
f - Scorch                Fire           100%       2d10      1%          2
g - Confusing Touch       Hex            51%        N/A       1%          3
h - Stone Arrow           Conj/Erth      100%       3d13      1%          3
i - Lightning Bolt        Conj/Air       25%        1d41      10%         5
Your spell library was empty.

Dungeon Overview and Level Annotations

Branches:
Dungeon (11/15)            Temple (1/1) D:5             Orc (0/2) D:10
Ossuary (visited)          Bailey (visited)
   Lair: D:8-11

Altars:
Ashenzari
Cheibriados
Fedhas
Gozag
Hepliaklqana
Kikubaaqudgha
Makhleb
Okawaru
Qazlal
Ru
Sif Muna
Trog
Uskayaw
Wu Jian
Xom
Yredelemnul
Zin
The Shining One

Annotations:
D:11 Snorg


Innate Abilities, Weirdness & Mutations

You are immune to sickness and miasma.
You are immune to poison.
Your flesh is very heat resistant. (rF++)
You are vulnerable to cold. (rC-)
You float through the air rather than walking.
You learn spells naturally, not from books.
Your magical power is your life essence.
You have superior vitality. (+4 MHP)


Message History

Flames lash Snorg.
Snorg is burned terribly!
Snorg is severely wounded.
You hear a shout!
The wall freezes Snorg!
You block Snorg's attack. Snorg completely misses you.
Snorg claws you but does no damage.
The wall freezes Snorg.
Snorg closely misses you. You block Snorg's attack. Snorg claws you.
Casting: Scorch (safe; 1% risk of failure)
Confirm with . or Enter, or press ? or * to list all spells.
Flames lash Snorg.
Snorg is burned terribly!
Snorg is almost dead.
The frozen ramparts melt away.
You block Snorg's attack. Snorg barely misses you. Snorg claws you!
* * * LOW HITPOINT WARNING * * *
You feel much better. Snorg bites you! You block Snorg's attack.
Snorg barely misses you.
An orc comes into view.
It is wielding a +0 club and quivering poisoned darts.
Snorg barely misses you. Snorg claws you!
* * * LOW HITPOINT WARNING * * *
You block Snorg's attack.
Casting: Scorch (safe; 1% risk of failure)
Confirm with . or Enter, or press ? or * to list all spells.
Aiming: Stone Arrow (safe; 1% risk of failure)
Press: ? - help, Shift-Dir - straight line, f/p - Snorg
Aim: Snorg (severely wounded, berserk, more vulnerable to fire, 78% to hit)
The stone arrow hits Snorg!!
Snorg is almost dead.
* * * LOW HITPOINT WARNING * * *
You block Snorg's attack. Snorg misses you. Snorg claws you but does no damage.
Casting: Stone Arrow (safe; 1% risk of failure)
Confirm with . or Enter, or press ? or * to list all spells.
Flames lash the orc.
You kill the orc!
Makhleb accepts your kill.
You feel better.
* * * LOW HITPOINT WARNING * * *
You hear a shout!
You block Snorg's attack. x2; Snorg claws you.
* * * LOW HITPOINT WARNING * * *
Snorg bites you!!
You die...

## ######### .. #.......#
########## .. #.......#
#........#### .. #.......#
#............ .. #.......#
#.........####..
#.......#####...............
+..<.......##...............
#..........@T)..#.....####.#
#.##.....).####.#.#.#.####..
#....#...### #.............
...####...########.#.........
#.. ........................
.> ..................c.T....
...
####...##...........#.....
#...##.#####.#.###..... .
...#.. ....


You could see Snorg (berserk, combustible).

Vanquished Creatures
  A two-headed ogre (D:10)
  Sonja (D:10)
  Pikel (D:4)
  2 orc knights (Bailey)
  Maurice (D:8)
  2 kobold demonologists (Bailey)
  2 trolls (D:9)
  2 shadows (D:10)
  9 yaks
  2 steam dragons
  A wyvern (D:9)
  A steam dragon (shapeshifter) (D:10)
  3 vampire mosquitoes (D:11)
  3 water moccasins
  9 orc warriors
  A black bear (D:3)
  3 sky beasts
  4 ogres
  3 centaurs
  3 phantoms
  An elf zombie (Ossuary)
  2 kobold brigands
  2 gnoll sergeants
  A scorpion (D:6)
  5 killer bees (D:8)
  A water moccasin skeleton (D:7)
  4 troll zombies (D:10)
  4 wights (D:8)
  3 electric eels (Bailey)
  5 centaur zombies
  A bullfrog zombie (D:7)
  A jelly (D:6)
  A centaur skeleton (D:6)
  A hound (D:6)
  4 orc priests
  4 bullfrog skeletons
  6 orc wizards
  3 iguanas
  Natasha (thrice) (D:2)
  A killer bee zombie (D:6)
  2 ogre zombies (D:10)
  A hound zombie (D:5)
  2 hound skeletons (D:4)
  3 mummies
  Robin (D:1)
  9 gnolls
  7 adders
  An adder zombie (D:5)
  2 worms
  3 dart slugs
  41 orcs
  5 ball pythons
  8 bats
  9 endoplasms
  8 giant cockroaches
  2 gnoll zombies (Ossuary)
  24 goblins
  14 hobgoblins
  3 jackals (D:3)
  14 kobolds
  5 quokkas
  2 frilled lizards
  2 goblin skeletons (D:10)
  8 goblin zombies
  A hobgoblin skeleton (D:10)
  3 hobgoblin zombies
  3 orc skeletons (D:10)
  13 orc zombies
  7 rats
310 creatures vanquished.

Vanquished Creatures (others)
  200 foxfires
200 creatures vanquished.

Grand Total: 510 creatures vanquished

Notes
Turn   | Place    | Note
-------+----------+-------------------------------------------
     0 | D:1      | snarfax the Djinni Ice Elementalist began the quest for the
                  | Orb.
     0 | D:1      | Reached XP level 1. HP: 15/15 MP: 0/0
   225 | D:1      | Reached XP level 2. HP: 12/21 MP: 0/0
   587 | D:1      | You are sucked into a shaft and drop 1 floor!
   695 | D:1      | Reached XP level 3. HP: 24/25 MP: 0/0
   695 | D:1      | Learned a level 1 spell: Foxfire
  1282 | D:2      | Noticed Robin
  1388 | D:2      | Reached skill level 1 in Fighting
  1396 | D:2      | Noticed Natasha
  1409 | D:2      | Killed Natasha
  1410 | D:2      | Reached XP level 4. HP: 15/32 MP: 0/0
  1566 | D:2      | Noticed Natasha
  1571 | D:2      | Killed Natasha
  1572 | D:2      | Reached skill level 4 in Spellcasting
  1572 | D:2      | Reached XP level 5. HP: 35/38 MP: 0/0
  1572 | D:2      | Learned a level 2 spell: Scorch
  1578 | D:2      | Noticed Natasha
  1581 | D:2      | Killed Natasha
  1650 | D:1      | Killed Robin
  1989 | D:2      | Found a faded altar of an unknown god.
  2792 | D:3      | Noticed a black bear
  2798 | D:3      | Killed a black bear
  2799 | D:3      | Reached XP level 6. HP: 31/46 MP: 0/0
  3112 | D:3      | Found a basalt altar of Yredelemnul.
  3113 | D:3      | Found a stormy altar of Qazlal.
  3282 | D:3      | Noticed an ogre
  3287 | D:3      | Killed an ogre
  3288 | D:3      | Reached XP level 7. HP: 45/52 MP: 0/0
  3288 | D:3      | Learned a level 3 spell: Confusing Touch
  3350 | D:3      | Found a glowing golden altar of the Shining One.
  3351 | D:3      | Found a hide-covered altar of Uskayaw.
  3353 | D:3      | Found an opulent altar of Gozag.
  3536 | D:4      | Reached skill level 5 in Spellcasting
  3803 | D:4      | Noticed Pikel
  3816 | D:4      | Killed Pikel
  3817 | D:4      | Reached skill level 5 in Fighting
  3817 | D:4      | Reached XP level 8. HP: 47/61 MP: 0/0
  3821 | D:4      | Reached skill level 6 in Spellcasting
  4668 | D:5      | Entered Level 5 of the Dungeon
  5088 | D:5      | Found a staircase to the Ecumenical Temple.
  5101 | Temple   | Entered the Ecumenical Temple
  5146 | Temple   | Became a worshipper of Makhleb the Destroyer
  5299 | D:5      | Reached XP level 9. HP: 61/67 MP: 0/0
  5299 | D:5      | Learned a level 3 spell: Stone Arrow
  5935 | D:6      | Reached skill level 7 in Spellcasting
  6180 | D:6      | Found a sand-covered staircase.
  6188 | Ossuary  | Entered an ossuary
  6266 | Ossuary  | Reached * piety under Makhleb
  6327 | Ossuary  | Reached skill level 1 in Shields
  8797 | D:8      | Reached XP level 10. HP: 65/76 MP: 0/0
  9010 | D:8      | Reached skill level 8 in Spellcasting
  9156 | D:8      | Noticed Maurice
  9162 | D:8      | Killed Maurice
  9163 | D:8      | Reached skill level 5 in Shields
  9397 | D:8      | Reached ** piety under Makhleb
 10106 | D:9      | Reached skill level 1 in Invocations
 10165 | D:9      | Found a snail-covered altar of Cheibriados.
 10167 | D:9      | Found a glowing silver altar of Zin.
 10171 | D:9      | Found a hazy altar of Hepliaklqana.
 10583 | D:9      | Found a broken altar of Ashenzari.
 11192 | D:10     | Entered Level 10 of the Dungeon
 11260 | D:10     | Found a sacrificial altar of Ru.
 11532 | D:10     | Found a flagged portal.
 11544 | Bailey   | Entered a bailey
 11602 | Bailey   | Reached skill level 9 in Spellcasting
 11788 | Bailey   | Noticed an orc knight
 11806 | Bailey   | Killed an orc knight
 11807 | Bailey   | Reached XP level 11. HP: 58/81 MP: 0/0
 11807 | Bailey   | Learned a level 5 spell: Lightning Bolt
 12620 | Bailey   | Found an iron altar of Okawaru.
 12625 | Bailey   | Reached *** piety under Makhleb
 12756 | Bailey   | Noticed an orc knight
 12785 | Bailey   | Killed an orc knight
 12786 | Bailey   | Reached skill level 5 in Invocations
 13184 | D:10     | Noticed a two-headed ogre
 13189 | D:10     | Killed a two-headed ogre
 13193 | D:10     | Noticed Sonja
 13208 | D:10     | Found a staircase to the Orcish Mines.
 13226 | D:10     | Killed Sonja
 13866 | D:10     | Reached **** piety under Makhleb
 13867 | D:10     | Reached skill level 10 in Spellcasting
 14527 | D:10     | Reached XP level 12. HP: 71/86 MP: 0/0
 14791 | D:11     | Noticed Snorg
 14826 | D:11     | Reached skill level 1 in Evocations
 14834 | D:11     | Slain by Snorg

Illustrated notes

Levels and vault maps discovered:
D:1:      ncdulo_watergridlock, layout_basic, kennysheep_minor_cross,
          amcnicky_mini_rare_corridor_liquid
D:2:      layout_rooms, ebering_ecumenical_altar_sacrificial,
          grunt_decor_arrowhead, uniq_natasha, uniq_robin
D:3:      layout_loops_ring, gammafunk_temple_overflow_statue, minitemple
D:4:      layout_loops_ring, uniq_pikel
D:5:      layout_basic, minmay_temple_entry_water_ring
D:6:      layout_loops_ring, gup_ossuary_entry_pyramid,
          chequers_serial_rivers_micro_b
D:7:      layout_cave_pods, tgw_sif, eino_curves_01
D:8:      layout_basic, uniq_maurice
D:9:      layout_long_grid, gammafunk_temple_overflow_forgotten,
          ashenzari_conservatory_becter, kennysheep_generic_room_4
D:10:     layout_grid_maze, mainiacjoe_overflow_paths, zombieorc1_lemuel,
          enter_bailey_3, uniq_sonja
D:11:     layout_basic, erik_lair_orcish_takeover, serial_shops,
          nicolae_shop_stone, nzn_wu_jian_council_hall, uniq_snorg
Temple:   jpeg_temple_clearing

Skill      XL: |  1  2  3  4  5  6  7  8  9 10 11 12 |
---------------+-------------------------------------+-----
Dodging        | 3 |  3.0
Fighting       | 1 2 3 4 5 6 8 |  8.0
Spellcasting   | 4 5 6 7 9 10 | 10.0
Shields        | 3 7 9 |  9.7
Invocations    | 3 5 |  5.0
Evocations     | 1 |  1.0
Stealth        | |  1.5

Action                   |  1- 3 |  4- 6 |  7- 9 | 10-12 || total
-------------------------+-------+-------+-------+-------++-------
Melee: Short sword       |     8 |       |       |       ||     8
       Dagger            |    36 |    49 |    18 |       ||   103
       Whip              |       |    25 |   229 |    41 ||   295
       Punch             |       |       |     1 |       ||     1
       Hand axe          |       |       |       |   123 ||   123
Throw: Boomerang         |       |     1 |       |     2 ||     3
 Cast: Freeze            |    22 |     3 |    37 |     7 ||    69
       Foxfire           |    13 |    13 |    37 |    48 ||   111
       Scorch            |       |    14 |    42 |    96 ||   152
       Stone Arrow       |       |       |     8 |    50 ||    58
       Frozen Ramparts   |       |       |     1 |    14 ||    15
       Ozocubu's Armour  |       |       |     1 |     1 ||     2
Evoke: Wand              |       |       |       |     5 ||     5
  Use: Scroll            |     4 |       |    14 |     4 ||    22
       Potion            |       |       |       |     3 ||     3
 Stab: Sleeping          |     2 |     8 |     7 |     3 ||    20
Armor: Robe              |     9 |    15 |       |       ||    24
       Leather armour    |       |     2 |    91 |    87 ||   180
Dodge: Dodged            |    31 |    48 |   146 |   128 ||   353
       Repelled          |       |     1 |     1 |       ||     2
Block: Kite shield       |       |       |    87 |   176 ||   263

Table legend: (Time is in decaauts)
 A = Elapsed time spent in this place.
 B = Non-inter-level travel time spent in this place.
 C = Inter-level travel time spent in this place.
 D = Time resting spent in this place.
 E = Time spent auto-exploring this place.
 F = Levels seen in this place.
 G = Mean time per level.
                   A        B        C        D        E       F      G
               +--------+--------+--------+--------+--------+-----+--------+
         Total |  14967 |  14761 |    206 |   2751 |   8617 |  14 | 1069.1 |
       Dungeon |  13258 |  13067 |    191 |   2115 |   8283 |  11 | 1205.3 |
        Temple |     60 |     45 |     15 |      0 |     28 |   1 |   60.0 |
       Ossuary |    210 |    210 |      0 |     77 |      0 |   1 |  210.0 |
        Bailey |   1437 |   1437 |      0 |    559 |    306 |   1 | 1437.0 |
               +--------+--------+--------+--------+--------+-----+--------+

Top non-repeatable levels by time:
    D:10: 1974 daAuts
     D:7: 1772 daAuts
     D:1: 1634 daAuts
  Bailey: 1437 daAuts
     D:8: 1353 daAuts
     D:9: 1324 daAuts
     D:4: 1153 daAuts
     D:5: 1051 daAuts
     D:6: 1029 daAuts
     D:3: 1022 daAuts
     D:2: 864 daAuts
 Ossuary: 210 daAuts
    D:11: 76 daAuts
  Temple: 60 daAuts
